 Dungeon Crawl Stone Soup version 0.25.0-33-gff14898491 (webtiles) character file.

Game seed: 357213467816253427

17670 lepoulpe303 the Jinx (level 12, -14/57 (60) HPs)
             Began as a Spriggan Enchanter on July 6, 2020.
             Was an Initiate of Gozag.
             Demolished by a thorn hunter (16 damage)
             ... on level 4 of the Lair of Beasts on July 7, 2020.
             The game lasted 01:43:34 (23548 turns).

lepoulpe303 the Jinx (Spriggan Enchanter)          Turns: 23548, Time: 01:43:35

HP:   -14/57 (60)   AC:  5    Str: 11    XL:     12   Next: 20%
MP:   27/35         EV: 25    Int: 22    God:    Gozag
Gold: 2096          SH:  5    Dex: 16    Spells: 16/30 levels left

rFire    . . .     SeeInvis +   a - +2 dagger (venom)
rCold    . . .     Gourm    .   (shield restricted)
rNeg     . . .     Faith    .   W - +2 robe {Archmagi}
rPois    +         Spirit   .   V - +0 hat
rElec    .         Reflect  +   N - +0 cloak {rPois} {rPois}
rCorr    .         Harm     .   (gloves unavailable)
MR       +++..                  (boots unavailable)
Stlth    +++++.....             A - amulet of reflection
HPRegen  0.19/turn              p - ring of magical power {MP+9}
MPRegen  0.24/turn              M - ring "Neddy" {+Inv MR+ Str+7 Slay-4}

@: confusing touch, very quick
A: very small, unfitting armour, see invisible, herbivore, speed 3, slow
metabolism 2
a: Potion Petition, Call Merchant, Bribe Branch, Renounce Religion, Evoke
Invisibility


You were on level 4 of the Lair of Beasts.
You worshipped Gozag.
Gozag was most pleased with you.
You were not hungry.

You visited 4 branches of the dungeon, and saw 18 of its levels.

You collected 3368 gold pieces.
You spent 598 gold pieces at shops.
You paid 674 gold pieces to Gozag.

Inventory:

Hand Weapons
 a - a +2 dagger of venom (weapon)
 b - a +4 vampiric short sword
 c - a +0 rapier
 L - a +2 dagger of electrocution
Missiles
 j - 18 boomerangs (quivered)
 z - 8 poisoned darts
 C - 5 atropa-tipped darts
 F - 2 throwing nets {=f}
 Q - 164 arrows
Armour
 u - a +0 robe
 N - a +0 cloak of poison resistance (worn) {rPois}
 V - a +0 hat (worn)
 W - a +2 robe of the Archmagi (worn)
Magical Staves
 y - an uncursed staff of cold {rC+}
Jewellery
 p - a ring of magical power (left hand) {MP+9}
 v - an uncursed ring of ice {rC+, rF-}
 A - an amulet of reflection (around neck)
 I - an uncursed ring of protection from cold
 M - the ring "Neddy" (right hand) {+Inv MR+ Str+7 Slay-4}
   (You found it on level 8 of the Dungeon)

   [ring of protection from magic]

   It affects your strength (+7).
   It affects your accuracy and damage with ranged weapons and melee attacks
   (-4).
   It affects your resistance to hostile enchantments.
   It lets you turn invisible.
 O - an uncursed ring of stealth {Stlth+}
Wands
 q - a wand of polymorph (19)
 s - a wand of iceblast (6)
 G - a wand of acid (10)
 J - a wand of paralysis (13)
Scrolls
 f - 2 scrolls of fog
 g - 2 scrolls of fear
 h - 5 scrolls of amnesia
 i - 2 scrolls of identify
 k - 2 scrolls of magic mapping {unknown}
 t - 9 scrolls of teleportation
 w - 3 scrolls of remove curse
 x - 2 scrolls of random uselessness {unknown}
 H - a scroll of torment {!r}
 K - 3 scrolls of immolation {!r}
 R - a scroll of noise {!r}
 S - a scroll of enchant weapon
 T - a scroll of enchant armour {unknown}
 X - a scroll of brand weapon
Potions
 d - 2 potions of might
 l - a potion of heal wounds
 m - 4 potions of curing
 n - 2 potions of degeneration {!q}
 o - 3 potions of mutation {!q}
 r - 2 potions of magic
 B - a potion of stabbing
 D - a potion of lignification {!q}
 E - a potion of flight
Miscellaneous
 P - a phial of floods
 U - a phantom mirror
Comestibles
 e - 25 rations


   Skills:
 + Level 5.3 Fighting
 - Level 10.0 Short Blades
 + Level 9.8 Dodging
 + Level 11.8 Stealth
 + Level 9.8 Spellcasting
 * Level 12.5 Hexes
 + Level 5.0 Transmutations
 * Level 3.8 Evocations


You had 16 spell levels left.
You knew the following spells:

 Your Spells              Type           Power        Failure   Level  Hunger
a - Ensorcelled Hibernat  Hex/Ice        ######       1%          2    None
b - Tukima's Dance        Hex            #######.     1%          3    None
c - Confusing Touch       Hex            #######.     1%          3    None
d - Dazzling Flash        Conj/Hex       ######       1%          3    None
s - Sticks to Snakes      Tmut           #####...     1%          2    None
v - Corona                Hex            #######      1%          1    None

Your spell library contained the following spells:

 Spells                   Type           Power        Failure   Level  Hunger
 Beastly Appendage        Tmut           #####.       1%          1    None
 Animate Skeleton         Necr           N/A          6%          1    None
 Apportation              Tloc           ###...       6%          1    None
 Freeze                   Ice            ###.         6%          1    None
 Summon Small Mammal      Summ           ###.         6%          1    None
 Spider Form              Tmut/Pois      ####......   6%          3    None
 Frozen Ramparts          Ice            ###...       19%         3    None
 Ozocubu's Armour         Chrm/Ice       ###.....     19%         3    None
 Ice Form                 Ice/Tmut       ####....     22%         4    ##.....
 Blade Hands              Tmut           #####.....   22%         5    ####...
 Hailstorm                Conj/Ice       ###.....     52%         4    ##.....
 Summon Ice Beast         Ice/Summ       ###.....     52%         4    ##.....


Dungeon Overview and Level Annotations

Branches:
Dungeon (10/15)            Temple (1/1) D:4            Lair (5/6) D:10
  Snake (0/4) Lair:4          Orc (2/2) D:9
  Swamp: Lair:2-4    Shoals: Lair:2-4     Slime: Lair:5-6       Elf: Orc:2

Altars:
Ashenzari
Cheibriados
Gozag
Makhleb
Nemelex Xobeh
Okawaru
Uskayaw
Wu Jian
Beogh

Shops:
D:8 *   D:9 ?   Lair:3 [


Innate Abilities, Weirdness & Mutations

You are very small and have problems with some larger weapons.
You are too small for most types of armour.
You have supernaturally acute eyesight. (SInv)
You are a herbivore.
You cover ground extremely quickly.
You need to consume almost no food.


Message History

The thorn hunter hits your adder!!
Your adder dies!
You closely miss the thorn hunter.
The thorn hunter fires a volley of thorns at you.
The volley of thorns misses you.
Casting: Sticks to Snakes (safe; 1% risk of failure)
You feel a surge of power!
Your hands begin to glow red.
The thorn hunter hits you!!
* * * LOW HITPOINT WARNING * * *
The thorn hunter hits you!
* * * LOW HITPOINT WARNING * * *
You take 34 damage, and have 23/57 hp.
MASSIVE DAMAGE!!
You now have 27/35 mp.
You hit the thorn hunter but do no damage.
The thorn hunter hits you!!
* * * LOW HITPOINT WARNING * * *
The thorn hunter hits you!
You die...
Your body crumbles into a pile of gold.

P.#.......##..># P.
#.#.......##...### ####..
...........#.....###P#..#.
......>................... +.
.......................... #.8
..#.......#.######...###. ....
..#.......#.####.#..##### #....
..###...###..#.#.)...##.###.....
................@.......#.......
......f..PP.....SfS....#....#
##.......PP.....SSP#.###....#
P#.......PP...))...#.###...##
.........PP...........#...#.#
.........PP.........>.#>.8#.#
....##.##PP...#P##.###....# .
.[..#######...#######.#...# #
....# ##P.# ##.#...#


You could see a thorn hunter, a friendly water moccasin and 3 friendly adders.

Levels and vault maps discovered:
D:1:      dpeg_arrival_boxes_within_box, layout_loops_ring
D:2:      layout_basic, uniq_natasha, uniq_terence, uniq_crazy_yiuf_cottage
D:3:      layout_basic, roderic_lattice_a, uniq_ijyb
D:4:      layout_rooms, minmay_temple_entry_glass, grunt_ministairs_9,
          lemuel_tele_altar, uniq_eustachio, uniq_sigmund
D:5:      layout_cave_pools, first_ration, nemelex_spade_bored_becter
D:6:      layout_basic
D:7:      layout_rooms, okawaru_altar_gauntlet_db, grunt_ogre_cave, uniq_maggie
D:8:      layout_cave_pools, serial_shops, nicolae_shop_crystal, st_stairs_6,
          cheibrodos_worm_habitat
D:9:      layout_basic, erik_orc_2, serial_shops, shop, uniq_pikel, uniq_grum
D:10:     layout_long_grid, lair_entry_dummy, uniq_nergalle
Temple:   minmay_crystal_snake_temple
Lair:1:   layout_regular_city, lemuel_fruit_tree
Lair:2:   layout_small_grid, kennysheep_rathole
Lair:3:   layout_cave_pods, elwin_shoals_entry_rocks, serial_bayou_shore_a,
          grunt_megastairs_2, minmay_lair_oklob_chamber
Lair:4:   layout_long_grid, minmay_snake_entry_guardpost_small,
          gauntlet_entry_generic, grunt_megastairs_5
Lair:5:   layout_loops_ring, gammafunk_ghost_wrathful_warriors,
          grunt_forest_large_clearing_hut
Orc:1:    layout_caves, basic_altar
Orc:2:    st_orc_rangers, layout_diamond_mine, serial_shops, shop,
          elves_outpost_lemuel

Notes
Turn   | Place    | Note
-------+----------+-------------------------------------------
     0 | D:1      | lepoulpe303 the Spriggan Enchanter began the quest for the
                  | Orb.
     0 | D:1      | Reached XP level 1. HP: 9/9 MP: 5/5
   289 | D:1      | Identified a +0 short sword
   316 | D:1      | Reached skill level 3 in Spellcasting
   393 | D:1      | Reached XP level 2. HP: 12/13 MP: 7/7
   401 | D:1      | Learned a level 2 spell: Ensorcelled Hibernation
   419 | D:1      | Identified a +0 dagger
   424 | D:1      | Reached skill level 4 in Hexes
   593 | D:1      | Identified a +0 short sword
   914 | D:1      | Identified a +0 club
   991 | D:1      | Identified a +0 dagger
  1133 | D:2      | Identified a +0 whip
  1468 | D:2      | Reached XP level 3. HP: 6/16 MP: 1/9
  1831 | D:2      | Identified a +0 club
  1836 | D:2      | Noticed Natasha
  2139 | D:2      | Learned a level 3 spell: Confusing Touch
  2182 | D:2      | Reached skill level 5 in Stealth
  2211 | D:2      | Identified a +4 short sword of draining
  2211 | D:2      | Identified a cursed +0 scale mail
  2211 | D:2      | Noticed Terence
  2227 | D:2      | Killed Terence
  2227 | D:2      | Reached skill level 4 in Spellcasting
  2227 | D:2      | Reached XP level 4. HP: 19/21 MP: 6/11
  2256 | D:2      | Identified a +0 dagger
  2544 | D:2      | Found a runed translucent door.
  2545 | D:2      | Identified a +4 quarterstaff of chaos
  2545 | D:2      | Identified a +0 cloak
  2545 | D:2      | Noticed Crazy Yiuf
  2819 | D:2      | Identified a +0 club
  2978 | D:3      | Identified a cursed -2 hand axe
  2981 | D:3      | Identified a +0 club
  2981 | D:3      | Identified a +0 club
  3159 | D:3      | Identified a +0 dagger
  3190 | D:3      | Identified 4 scrolls of teleportation
  3191 | D:3      | Identified 3 scrolls of identify
  3191 | D:3      | Identified a ring of magical power (You found it on level 2
                  | of the Dungeon)
  3217 | D:3      | Identified a +0 dagger
  3217 | D:3      | Identified a +0 leather armour
  3217 | D:3      | Noticed Ijyb
  3349 | D:3      | Identified a +0 whip
  3349 | D:3      | Identified a +0 club
  3375 | D:3      | Reached skill level 5 in Hexes
  3422 | D:3      | Learned a level 3 spell: Tukima's Dance
  3448 | D:3      | Identified a +2 dagger of venom
  3476 | D:3      | Reached XP level 5. HP: 24/24 MP: 12/12
  3503 | D:3      | Learned a level 3 spell: Dazzling Flash
  3543 | D:3      | Noticed Ijyb
  3543 | D:3      | Ijyb changed into Ijyb the scorpion
  3549 | D:3      | Killed Ijyb the scorpion
  3997 | D:3      | Reached skill level 5 in Spellcasting
  4423 | D:4      | Identified a +0 giant spiked club
  4423 | D:4      | Noticed an ogre
  4423 | D:4      | Identified a +0 hand axe
  4423 | D:4      | Identified a +0 dagger
  4423 | D:4      | Identified a +0 robe
  4423 | D:4      | Identified a +0 dagger
  4423 | D:4      | Identified a +0 robe
  4423 | D:4      | Identified a +0 club
  4434 | D:3      | Killed an ogre
  4434 | D:3      | Reached skill level 6 in Stealth
  4434 | D:3      | Reached XP level 6. HP: 21/28 MP: 15/15
  4595 | D:2      | Killed Crazy Yiuf
  4595 | D:2      | Reached skill level 6 in Hexes
  4706 | D:2      | Killed Natasha
  4999 | D:2      | Noticed Natasha
  5012 | D:2      | Killed Natasha
  5621 | D:4      | Identified a +0 rapier
  5621 | D:4      | Identified a +0 leather armour
  5621 | D:4      | Noticed Eustachio
  5638 | D:4      | Killed Eustachio
  5638 | D:4      | Reached skill level 2 in Short Blades
  5638 | D:4      | Reached XP level 7. HP: 32/32 MP: 15/16
  5664 | D:4      | Identified a +0 scythe
  5664 | D:4      | Identified a cursed +0 robe
  5664 | D:4      | Noticed Sigmund
  5669 | D:4      | Killed Sigmund
  5669 | D:4      | Reached skill level 1 in Fighting
  5669 | D:4      | Reached skill level 4 in Dodging
  5722 | D:4      | Found a staircase to the Ecumenical Temple.
  5725 | D:4      | Identified 3 potions of mutation
  5765 | D:4      | Reached skill level 3 in Short Blades
  5992 | Temple   | Entered the Ecumenical Temple
  6015 | Temple   | Became a worshipper of Gozag Ym Sagoz the Greedy
  6090 | D:4      | Reached skill level 6 in Spellcasting
  6240 | D:4      | Identified a +0 dagger
  6240 | D:4      | Identified a cursed +0 leather armour
  6308 | D:4      | Found a burning altar of Makhleb.
  6352 | D:5      | Entered Level 5 of the Dungeon
  6412 | D:5      | Reached skill level 7 in Stealth
  6412 | D:5      | Reached skill level 7 in Hexes
  6425 | D:5      | Identified a +0 hand axe
  6482 | D:5      | Identified a +0 short sword
  6482 | D:5      | Identified a +0 leather armour
  6500 | D:5      | Identified a +0 club
  6501 | D:5      | Identified a +0 dagger
  6501 | D:5      | Identified a +0 robe
  6594 | D:5      | Found a sparkling altar of Nemelex Xobeh.
  6651 | D:5      | Reached XP level 8. HP: 19/38 MP: 18/18
  6797 | D:5      | Reached skill level 4 in Short Blades
  6822 | D:5      | Identified a potion of magic
  6823 | D:5      | Identified a potion of degeneration
  6824 | D:5      | Identified a potion of stabbing
  6825 | D:5      | Identified 3 scrolls of remove curse
  6826 | D:5      | Identified a ring of ice (You found it on level 3 of the
                  | Dungeon)
  6828 | D:5      | Identified a ring of attention (You found it on level 3 of
                  | the Dungeon)
  6832 | D:5      | Identified an amulet of reflection (You found it on level 4
                  | of the Dungeon)
  7110 | D:5      | Reached skill level 2 in Fighting
  7110 | D:5      | Reached skill level 5 in Dodging
  7124 | D:5      | Identified a +0 dagger
  7129 | D:5      | Identified a +0 dagger
  7129 | D:5      | Identified a cursed -2 robe
  7133 | D:5      | Identified a +0 leather armour
  7780 | D:6      | Reached skill level 8 in Hexes
  7917 | D:6      | Reached skill level 5 in Short Blades
  8154 | D:6      | Reached skill level 8 in Stealth
  8535 | D:6      | Identified a +0 trident
  8610 | D:7      | Identified a +0 shortbow
  8633 | D:7      | Reached XP level 9. HP: 42/43 MP: 20/20
  8675 | D:7      | Identified a +2 dagger of electrocution
  8675 | D:7      | Identified a +0 chain mail
  8679 | D:7      | Identified a +0 dagger
  8694 | D:7      | HP: 8/43 [wyvern skeleton (5)]
  8700 | D:7      | HP: 5/43 [wyvern skeleton (4)]
  9013 | D:7      | Identified a +0 flail
  9013 | D:7      | Identified a +0 plate armour
  9013 | D:7      | Identified a +0 club
  9013 | D:7      | Identified a +0 ring mail
  9020 | D:7      | Identified a +0 whip
  9024 | D:7      | Identified a +0 club
  9024 | D:7      | Identified a +0 leather armour
  9030 | D:7      | HP: 3/43 [orc warrior/+0 flail (17)]
  9257 | D:6      | Reached skill level 7 in Spellcasting
  9461 | D:7      | Reached skill level 6 in Dodging
  9500 | D:7      | Identified a +0 short sword
  9500 | D:7      | Identified a +0 leather armour
  9505 | D:7      | Identified a +0 war axe
  9505 | D:7      | Identified a +0 leather armour of magic resistance
  9524 | D:7      | HP: 10/43 [acid (13)]
  9533 | D:7      | HP: 9/43 [poisoned by an adder]
  9540 | D:7      | HP: 9/43 [poisoned by an adder]
  9546 | D:7      | HP: 8/43 [poisoned by an adder]
 10082 | D:7      | Identified a +0 giant club
 10165 | D:7      | Identified a +0 flail
 10203 | D:7      | Identified a +0 spear
 10203 | D:7      | Identified a +0 ring mail
 10241 | D:7      | Identified a +0 spear
 10242 | D:7      | Identified a +0 trident
 10243 | D:7      | Identified a +0 war axe
 10243 | D:7      | Identified a +0 scale mail
 10305 | D:7      | Identified a +2 glaive of distortion
 10305 | D:7      | Identified +0 swamp dragon scales
 10305 | D:7      | Noticed Maggie
 10330 | D:7      | Killed Maggie
 10330 | D:7      | Reached skill level 3 in Fighting
 10330 | D:7      | Reached skill level 6 in Short Blades
 10330 | D:7      | Reached skill level 9 in Hexes
 10542 | D:7      | Found an iron altar of Okawaru.
 10644 | D:8      | Identified a +0 giant club
 10648 | D:8      | Identified a +0 dagger
 10649 | D:8      | Identified a +0 antimagic falchion
 10649 | D:8      | Identified a +0 leather armour
 10649 | D:8      | Identified a +0 dagger
 10649 | D:8      | Identified a +0 robe
 10650 | D:8      | Identified a +0 dagger
 10650 | D:8      | Identified a +0 scale mail
 11025 | D:8      | Identified a +0 dagger
 11067 | D:8      | Got a pitted amber ring
 11068 | D:8      | Identified a ring of protection from cold (You found it on
                  | level 6 of the Dungeon)
 11070 | D:8      | Identified the ring "Neddy" {+Inv MR+ Str+7 Slay-4} (You
                  | found it on level 8 of the Dungeon)
 11107 | D:8      | Identified a +0 club
 11108 | D:8      | Identified a +0 whip
 11108 | D:8      | Identified a +0 leather armour
 11108 | D:8      | Identified a +0 halberd
 11109 | D:8      | Identified a cursed -3 flail
 11132 | D:8      | Identified a +0 club
 11132 | D:8      | Identified a +0 longbow
 11155 | D:8      | Identified a +0 club
 11377 | D:8      | Found a snail-covered altar of Cheibriados.
 11398 | D:8      | Identified a +0 shortbow
 11410 | D:8      | Identified a +0 giant spiked club
 11410 | D:8      | Identified a +0 giant club
 11410 | D:8      | Noticed a two-headed ogre
 11417 | D:8      | Identified a +0 hand axe
 11417 | D:8      | Identified a cursed +0 ring mail
 11417 | D:8      | Identified a +0 short sword
 11419 | D:8      | Identified a +0 dagger
 11419 | D:8      | Identified a cursed +0 robe
 11432 | D:8      | Identified a +0 hand axe
 11432 | D:8      | Identified a cursed +0 robe
 11436 | D:8      | Identified a +0 scimitar
 11436 | D:8      | Identified a +0 robe
 11440 | D:8      | Identified a +3 flail
 11440 | D:8      | Identified a +0 robe
 11442 | D:8      | Reached skill level 9 in Stealth
 11924 | D:8      | Identified a potion of flight
 11925 | D:8      | Identified a potion of lignification
 11926 | D:8      | Identified a scroll of fog
 11927 | D:8      | Identified a scroll of immolation
 12253 | D:8      | Reached skill level 7 in Short Blades
 12253 | D:8      | Reached skill level 7 in Dodging
 12448 | D:8      | Found Gaday's Assorted Antiques.
 12543 | D:8      | Killed a two-headed ogre
 12543 | D:8      | Reached XP level 10. HP: 45/47 MP: 22/22
 12560 | D:8      | Reached skill level 10 in Hexes
 12858 | D:8      | Identified a scroll of enchant weapon
 12921 | D:9      | Reached skill level 8 in Spellcasting
 13012 | D:9      | Identified a +0 whip of freezing
 13012 | D:9      | Identified a +0 robe
 13012 | D:9      | Noticed Pikel
 13032 | D:9      | Killed Pikel
 13258 | D:9      | Identified a -2 spear
 13258 | D:9      | Identified a +0 animal skin
 13258 | D:9      | Noticed Grum
 13302 | D:9      | Reached skill level 4 in Fighting
 13311 | D:9      | Killed Grum
 13311 | D:9      | Reached skill level 8 in Short Blades
 13401 | D:9      | Identified a cursed +0 giant club
 13411 | D:9      | Reached skill level 10 in Stealth
 13609 | D:9      | Identified a +0 whip
 13610 | D:9      | Found Eroll's Magic Scroll Shoppe.
 13625 | D:9      | Identified a +0 short sword
 13626 | D:9      | Identified a +0 short sword
 13627 | D:9      | Identified a +0 dagger
 13628 | D:9      | Identified a +0 whip
 13738 | D:9      | Identified a +0 flail
 13741 | D:9      | Identified a +0 flail
 13741 | D:9      | Identified a +0 ring mail
 13789 | D:9      | Identified a +0 dagger
 13789 | D:9      | Identified a +0 robe
 14042 | D:9      | Identified a cursed -3 mace
 14042 | D:9      | Identified a +0 mace
 14059 | D:9      | Identified a +0 quarterstaff
 14063 | D:9      | Identified a +0 club
 14063 | D:9      | Identified a cursed +0 ring mail
 14336 | D:9      | Reached skill level 8 in Dodging
 14406 | D:9      | Identified a cursed -2 flail
 14406 | D:9      | Identified a +0 chain mail
 14434 | D:9      | Learned a level 2 spell: Sticks to Snakes
 14824 | D:9      | Identified a +0 club
 14824 | D:9      | Identified a +0 leather armour
 14824 | D:9      | Identified a +0 dagger
 14824 | D:9      | Identified a +0 ring mail
 14925 | D:9      | Identified a +0 trident
 14925 | D:9      | Identified a +0 leather armour
 15022 | D:9      | Identified a +0 club
 15059 | D:9      | Identified a +0 hand axe
 15059 | D:9      | Identified a +0 leather armour
 15065 | D:9      | Identified a +0 club
 15163 | D:9      | Identified a +0 club
 15180 | D:9      | Identified a +0 trident
 15180 | D:9      | Identified a +0 chain mail
 15180 | D:9      | Identified a +0 leather armour
 15181 | D:9      | Identified a +3 flail of holy wrath
 15292 | D:9      | Identified a +0 hand axe of flaming
 15292 | D:9      | Identified a +0 leather armour
 15522 | D:9      | Identified a +0 flail
 15526 | D:9      | Identified a +0 long sword
 15526 | D:9      | Identified a +0 chain mail
 15528 | D:9      | Identified a cursed -3 glaive
 15528 | D:9      | Identified a +0 chain mail
 15537 | D:9      | Found a staircase to the Orcish Mines.
 15537 | D:9      | Identified a +0 dagger
 15537 | D:9      | Identified a +0 robe
 15537 | D:9      | Identified a +0 dagger
 15537 | D:9      | Identified a +0 robe
 15568 | D:9      | Reached skill level 1 in Transmutations
 15948 | D:9      | Identified a ring of stealth (You found it on level 9 of
                  | the Dungeon)
 16030 | D:9      | Bought a scroll of teleportation for 33 gold pieces
 16030 | D:9      | Identified a scroll of torment
 16036 | D:9      | Identified a +0 cloak of poison resistance (You found it on
                  | level 8 of the Dungeon)
 16259 | D:9      | Identified a cursed -1 great sword
 16491 | D:9      | Identified 3 scrolls of amnesia
 16492 | D:9      | Identified 3 scrolls of fear
 16494 | Orc:1    | Entered Level 1 of the Orcish Mines
 16494 | Orc:1    | Identified a +0 giant club
 16580 | Orc:1    | Identified a +0 giant spiked club
 16655 | Orc:1    | Identified a +0 short sword
 16655 | Orc:1    | Identified a +0 scale mail
 16656 | Orc:1    | Identified a +0 war axe
 16656 | Orc:1    | Identified a cursed +0 chain mail
 16689 | Orc:1    | Reached skill level 11 in Hexes
 16913 | Orc:1    | Found a roughly hewn altar of Beogh.
 17079 | Orc:2    | Entered Level 2 of the Orcish Mines
 17079 | Orc:2    | Identified a +0 great sword
 17079 | Orc:2    | Identified a +0 chain mail
 17079 | Orc:2    | Noticed an orc knight
 17079 | Orc:2    | Identified a +0 mace
 17080 | Orc:2    | Identified a +0 glaive
 17080 | Orc:2    | Identified a +0 chain mail
 17081 | Orc:2    | Identified a +0 battleaxe
 17081 | Orc:2    | Identified a +0 plate armour
 17082 | Orc:2    | Identified a +0 flail
 17082 | Orc:2    | Identified a +0 leather armour
 17092 | Orc:2    | Identified a +0 hand axe
 17092 | Orc:2    | Identified a +0 leather armour
 17092 | Orc:2    | Identified a +0 hand axe
 17092 | Orc:2    | Identified a +0 chain mail
 17094 | Orc:2    | Identified a +0 flail
 17211 | Orc:2    | Identified a +0 rapier
 17211 | Orc:2    | Noticed a deep elf mage
 17211 | Orc:2    | Identified a +0 long sword
 17211 | Orc:2    | Identified a +0 leather armour
 17211 | Orc:2    | Noticed a deep elf mage
 17211 | Orc:2    | Identified a +0 long sword
 17211 | Orc:2    | Noticed a deep elf mage
 17212 | Orc:2    | Identified a +0 long sword
 17212 | Orc:2    | Noticed a deep elf mage
 17212 | Orc:2    | Identified a +0 short sword
 17212 | Orc:2    | Identified a +0 ring mail
 17212 | Orc:2    | Noticed a deep elf mage
 17213 | Orc:2    | Identified a +0 rapier
 17213 | Orc:2    | Identified a +0 ring mail
 17213 | Orc:2    | Noticed a deep elf mage
 17213 | Orc:2    | Identified a +0 short sword
 17213 | Orc:2    | Noticed a deep elf mage
 17215 | Orc:2    | Identified a +0 rapier
 17215 | Orc:2    | Noticed a deep elf mage
 17223 | Orc:2    | Identified a +0 rapier
 17223 | Orc:2    | Noticed a deep elf mage
 17228 | Orc:1    | Killed a deep elf mage
 17337 | Orc:1    | Killed a deep elf mage
 17337 | Orc:1    | Reached XP level 11. HP: 51/51 MP: 24/24
 17355 | Orc:2    | Killed a deep elf mage
 17355 | Orc:2    | Reached skill level 2 in Transmutations
 17487 | Orc:2    | HP: 4/51 [deep elf mage/bolt of fire (41)]
 17815 | D:10     | Entered Level 10 of the Dungeon
 18036 | D:10     | Identified a +0 flail
 18038 | D:10     | Identified a +0 flail
 18057 | D:10     | Identified a +0 club
 18057 | D:10     | Identified a cursed -1 robe
 18057 | D:10     | Identified a +0 spear
 18091 | D:10     | Identified an amulet of faith (You found it on level 10 of
                  | the Dungeon)
 18108 | D:10     | Identified a +0 trident
 18108 | D:10     | Identified a +0 scale mail
 18110 | D:10     | Identified a +0 hand axe
 18110 | D:10     | Identified a +0 leather armour
 18111 | D:10     | Identified a +0 trident
 18289 | D:10     | Identified a +0 club
 18289 | D:10     | Identified a +0 leather armour
 18329 | D:10     | Identified a +2 vampiric dagger
 18329 | D:10     | Identified a +0 robe
 18329 | D:10     | Noticed Nergalle
 18332 | D:10     | Killed Nergalle
 18332 | D:10     | Reached skill level 9 in Short Blades
 18332 | D:10     | Reached skill level 9 in Spellcasting
 18359 | D:10     | Identified a cursed -2 trident
 18359 | D:10     | Identified a +0 giant club
 18359 | D:10     | Identified a cursed +0 giant club
 18359 | D:10     | Noticed a two-headed ogre
 18360 | D:10     | Identified a +0 dagger
 18360 | D:10     | Identified a +0 robe
 18362 | D:10     | Identified a +0 scale mail
 18399 | D:10     | Killed a two-headed ogre
 18550 | D:10     | Identified a +0 dagger
 18561 | D:10     | Reached skill level 3 in Transmutations
 18642 | D:10     | Identified a +0 dagger
 18642 | D:10     | Identified a +0 robe
 18686 | D:10     | Identified a +0 short sword
 18686 | D:10     | Identified a +0 leather armour
 18702 | D:10     | Identified a +0 mace of venom
 18824 | D:10     | Identified a +0 hand axe
 18860 | D:10     | Identified a +0 hand axe
 18860 | D:10     | Identified a +0 chain mail
 18865 | D:10     | Identified a +0 flail
 19211 | D:10     | Found a staircase to the Lair.
 19483 | Lair:1   | Entered Level 1 of the Lair of Beasts
 19567 | Lair:1   | Reached skill level 11 in Stealth
 19664 | Lair:1   | Reached skill level 9 in Dodging
 20312 | Lair:1   | Reached skill level 4 in Transmutations
 20315 | Lair:1   | Reached skill level 5 in Fighting
 20404 | Lair:1   | Identified an amulet of inaccuracy (You found it on level 1
                  | of the Lair of Beasts)
 20406 | Lair:1   | Identified 2 potions of might
 20788 | Lair:2   | Reached skill level 12 in Hexes
 21016 | Lair:2   | Reached skill level 1 in Evocations
 21100 | Lair:2   | Noticed a five-headed hydra
 21139 | Lair:2   | HP: 4/52 [blink frog (16)]
 22333 | Lair:2   | Killed a five-headed hydra
 22333 | Lair:2   | Reached skill level 2 in Evocations
 22364 | Lair:2   | Reached skill level 10 in Short Blades
 22364 | Lair:2   | Reached XP level 12. HP: 57/57 MP: 26/26
 22380 | Lair:2   | HP: 10/57 [blink frog (15)]
 22906 | Lair:2   | Reached skill level 3 in Evocations
 22959 | Lair:2   | Identified a potion of heal wounds
 22960 | Lair:2   | Identified a scroll of brand weapon
 22961 | Lair:2   | Identified a scroll of noise
 23005 | Lair:3   | Identified a +0 hat (You found it on level 3 of the Lair of
                  | Beasts)
 23008 | Lair:3   | Bought a +2 robe of the Archmagi for 565 gold pieces
 23136 | Lair:3   | You fall into a shaft and drop 2 floors!
 23163 | Lair:4   | Found a staircase to the Snake Pit.
 23163 | Lair:4   | Identified a +0 hand axe
 23168 | Lair:4   | Identified a +0 halberd
 23168 | Lair:4   | Identified a cursed +0 robe
 23229 | Lair:4   | Identified a +0 dire flail
 23347 | Lair:4   | Reached skill level 5 in Transmutations
 23501 | Lair:4   | Noticed a thorn hunter
 23501 | Lair:4   | an oklob plant changed into a thorn hunter
 23548 | Lair:4   | HP: 2/57 [thorn hunter (21)]
 23548 | Lair:4   | Demolished by a thorn hunter

Table legend:
 A = Turns spent in this place as a percentage of turns spent in the entire game.
 B = Non-inter-level travel turns spent in this place as a percentage of non-inter-level travel turns spent in the entire game.
 C = Inter-level travel turns spent in this place as a percentage of turns spent in this place.
 D = Turns resting spent in this place as a percentage of non-inter-level travel turns spent in this place.
 E = Turns spent auto-exploring this place as a percentage of non-inter-level travel turns spent in this place.
 F = Non-inter-level travel turns spent in this place divided by the number of levels of this place that you've seen.
                   A       B       C       D       E      F
               +-------+-------+-------+-------+-------+----------------------
         Total | 100.0 | 100.0 |   5.0 |  35.8 |  38.0 | 1242.9
       Dungeon |  77.1 |  76.4 |   5.8 |  36.1 |  36.5 | 1710.4
        Temple |   0.2 |   0.1 |  44.4 |   0.0 |  84.0 |  25.0
          Lair |  17.3 |  18.0 |   1.1 |  27.6 |  47.7 | 804.0
  Orcish Mines |   5.4 |   5.5 |   3.8 |  59.1 |  26.5 | 612.0
               +-------+-------+-------+-------+-------+----------------------

Table legend:
 A = Kills in this place as a percentage of kills in entire the game.
 B = Kills by you in this place as a percentage of kills by you in the entire game.
 C = Kills by friends in this place as a percentage of kills by friends in the entire game.
 D = Other kills in this place as a percentage of other kills in the entire game.
 E = Experience gained in this place as a percentage of experience gained in the entire game.
 F = Experience gained in this place divided by the number of levels of this place that you have seen.
                   A       B       C       D       E      F
               +-------+-------+-------+-------+-------+----------------------
         Total | 100.0 | 100.0 | 100.0 |   N/A | 100.0 | 1402.4
       Dungeon |  80.3 |  80.1 | 100.0 |   N/A |  51.5 | 1299.8
          Lair |  16.8 |  17.1 |   0.0 |   N/A |  40.6 | 2047.4
  Orcish Mines |   2.8 |   2.9 |   0.0 |   N/A |   8.0 | 1004.0
               +-------+-------+-------+-------+-------+----------------------

Skill      XL: |  1  2  3  4  5  6  7  8  9 10 11 12 |
---------------+-------------------------------------+-----
Spellcasting   | 3 4 5 6 7 8 9 |  9.8
Hexes          | 4 5 6 7 8 9 11 12 | 12.5
Stealth        | 5 6 7 8 9 10 11 | 11.8
Short Blades   | 2 3 5 7 8 10 | 10.0
Fighting       | 1 2 3 4 5 |  5.3
Dodging        | 4 5 7 8 9 |  9.8
Transmutations | 1 4 5 |  5.0
Evocations     | 2 3 |  3.8

Action                   |  1- 3 |  4- 6 |  7- 9 | 10-12 || total
-------------------------+-------+-------+-------+-------++-------
Melee: Dagger            |   143 |    56 |   364 |   521 ||  1084
       Short sword       |       |    41 |       |    35 ||    76
       Rapier            |       |       |   136 |    53 ||   189
Throw: Dart              |       |       |     1 |    14 ||    15
       Boomerang         |       |       |       |    48 ||    48
 Cast: Ensorcelled Hiber |     7 |    16 |    34 |    85 ||   142
       Confusing Touch   |       |     4 |     9 |    22 ||    35
       Tukima's Dance    |       |       |     3 |       ||     3
       Dazzling Flash    |       |       |     2 |     7 ||     9
       Sticks to Snakes  |       |       |       |    13 ||    13
Invok: Call Merchant     |       |       |       |     1 ||     1
Evoke: Wand              |       |     2 |     2 |     4 ||     8
  Use: Scroll            |       |     2 |    11 |    11 ||    24
 Stab: Sleeping          |    16 |    15 |    31 |    66 ||   128
       Distracted        |     1 |       |     4 |     4 ||     9
       Confused          |       |     3 |    14 |    24 ||    41
       Invisible         |       |       |       |    11 ||    11
       Paralysed         |       |       |       |     1 ||     1
  Eat: Ration            |       |     2 |     3 |     6 ||    11
Armor: Robe              |    17 |     6 |    23 |    17 ||    63
Dodge: Dodged            |   125 |    71 |   327 |   327 ||   850
Block: Other             |       |       |    77 |    80 ||   157
       Reflection        |       |       |     6 |     9 ||    15

Vanquished Creatures
  A hydra (Lair:2)
  2 two-headed ogres
  Nergalle (D:10)
  Pikel (D:9)
  3 deep elf magi
  2 black mambas
  4 spiny frogs
  Maggie (D:7)
  A komodo dragon (Lair:2)
  4 blink frogs
  3 hippogriffs
  Sigmund (D:4)
  A wraith (D:10)
  2 wyverns
  Grum (D:9)
  12 yaks
  Eustachio (D:4)
  3 nagas (Lair:4)
  5 water moccasins
  3 sky beasts
  2 porcupines
  A slave (D:9)
  6 orc warriors
  3 ice beasts
  2 phantoms
  2 necrophages
  6 ogres
  3 wolves (D:9)
  2 centaurs
  7 crocodiles
  A big kobold (D:9)
  8 bullfrogs
  A gnoll sergeant (D:7)
  A wyvern skeleton (D:7)
  3 scorpions
  6 killer bees
  A wight (D:8)
  3 electric eels (D:9)
  A howler monkey (D:6)
  7 crimson imps
  2 quasits
  5 hounds
  A jelly (D:5)
  A centaur skeleton (D:8)
  2 centaur zombies
  6 orc priests
  Crazy Yiuf (D:2)
  2 gnoll shamans
  11 orc wizards
  Natasha (twice) (D:2)
  Terence (D:2)
  3 iguanas
  11 worker ants
  2 hell rats (Lair:2)
  2 hound skeletons (D:6)
  A howler monkey zombie (D:5)
  18 gnolls
  14 adders
  12 river rats
  An adder skeleton (D:5)
  4 worms
  2 leopard geckos
  56 orcs
  7 giant cockroaches
  7 hobgoblins
  4 jackals (D:4)
  6 quokkas
  3 ball pythons
  4 bats
  3 frilled lizards
  A giant cockroach zombie (D:5)
  5 goblins
  19 kobolds
  A quokka skeleton (D:8)
  9 rats
347 creatures vanquished.

Vanquished Creatures (collateral kills)
  2 wights (D:8)
  An orc wizard (D:9)
  An iguana (D:8)
  An orc (D:8)
5 creatures vanquished.

Vanquished Creatures (others)
  A dancing weapon (D:8)
  3 slaves (D:9)
  A killer bee (D:9)
  An orc wizard (D:9)
  A howler monkey skeleton (D:9)
  9 orcs (D:9)
  A quokka zombie (D:9)
  3 fungi
  A plant (Lair:2)
21 creatures vanquished.

Grand Total: 373 creatures vanquished
